 Dungeon Crawl Stone Soup version 0.29.1-2-gbd0b4ee654 (webtiles) character file.

Game seed: 6685270104363862975

31033 KamiKatze the Cleaver (level 13, -6/84 HPs)
             Began as a Gargoyle Fighter on Nov 21, 2022.
             Was a Priest of Trog.
             Mangled by a culicivora (18 damage)
             ... on level 3 of the Lair of Beasts on Nov 23, 2022.
             The game lasted 01:04:31 (18161 turns).

KamiKatze the Cleaver (Gargoyle Fighter)           Turns: 18161, Time: 01:04:32

Health: -6/84      AC: 24    Str: 28    XL:     13   Next: 55%
Magic:  13/13      EV: 14    Int: 10    God:    Trog [***...]
Gold:   724        SH:  6    Dex: 14    Spells: 12/12 levels left

rFire   + . .      SeeInvis .   a - +8 broad axe of Ru, Enfolding {vorpal, Will+ Dex+3}
rCold   + . .      Faith    .   c - +0 buckler
rNeg    + . .      Spirit   .   P - +4 ring mail
rPois   ∞          Reflect  .   q - +0 helmet
rElec   +          Harm     .   N - scarf {rC+ rF+}
rCorr   .          Rampage  .   E - +0 pair of gloves
Will    +++..                   (no boots)
Stlth   +.........              (no amulet)
HPRegen 1.24/turn               D - +6 ring of strength
MPRegen 0.13/turn               (no ring)

@: strong-willed, regenerating
A: sickness immunity, AC +9, negative energy resistance 1, electricity
resistance, torment resistance 1, petrification resistance
a: Renounce Religion, Berserk, Trog's Hand


You were on level 3 of the Lair of Beasts.
You worshipped Trog.
Trog was most pleased with you.
You visited 3 branches of the dungeon, and saw 14 of its levels.
You also visited: Sewer.

You collected 724 gold pieces.

Inventory:

Hand Weapons
 a - the +8 broad axe of Ru, Enfolding (weapon) {vorpal, Will+ Dex+3}
   (You acquired it on level 2 of the Lair of Beasts)

   It inflicts extra damage upon your enemies.
   Dex:       It affects your dexterity (+3).
   Will:      It increases your willpower.
 j - a +0 morningstar
 t - a +1 trident of venom
 u - a +0 vampiric halberd
 w - a +3 flail
 L - a +1 vorpal mace
 Q - a +0 war axe of venom
Missiles
 b - a throwing net
 f - 4 atropa-tipped darts (quivered)
Armour
 c - a +0 buckler (worn)
 k - a +0 chain mail
 q - a +0 helmet (worn)
 x - a +0 cloak
 E - a +0 pair of gloves (worn)
 F - a +1 scale mail of poison resistance
 N - a scarf of resistance (worn)
 P - a +4 ring mail (worn)
Jewellery
 D - a +6 ring of strength (left hand)
Wands
 d - a wand of quicksilver (6)
 I - a wand of iceblast (28)
Scrolls
 i - a scroll of brand weapon
 o - 2 scrolls of magic mapping {unknown}
 p - 2 scrolls of summoning {unknown}
 y - a scroll of torment
 B - 5 scrolls of fog
 H - a scroll of immolation {unknown}
 J - a scroll of teleportation
 K - a scroll of acquirement
 R - 3 scrolls of vulnerability {unknown}
Potions
 e - 2 potions of flight
 g - 2 potions of ambrosia
 h - 2 potions of invisibility {unknown}
 l - 2 potions of lignification
 m - a potion of mutation {unknown}
 n - 2 potions of curing
 r - 7 potions of brilliance
 s - a potion of haste {unknown}
 v - 2 potions of magic
 z - 2 potions of might
 A - 2 potions of attraction
 C - 4 potions of resistance
Miscellaneous
 G - a condenser vane


   Skills:
 + Level 11.1 Fighting
 * Level 12.7 Axes
 - Level 2.0 Throwing
 + Level 11.1 Armour
 + Level 8.0 Dodging
 + Level 8.2 Shields
 - Level 3.0 Evocations


You had 12 spell levels left.
You didn't know any spells.
Your spell library contained the following spells:

 Spells                   Type           Power      Damage    Failure   Level
 Freeze                   Ice            0%         1d3       54%         1
 Necrotise                Necr           0%         1d4       54%         1
 Sandblast                Erth           0%         2d4       54%         1
 Passwall                 Tmut/Erth      0%         N/A       67%         2
 Conjure Flame            Conj/Fire      0%         6-21      88%         3
 Frozen Ramparts          Ice            0%         1d1       88%         3
 Ignite Poison            Fire/Tmut/Pois 0%         N/A       88%         3
 Portal Projectile        Hex/Tloc       0%         N/A       88%         3
 Stone Arrow              Conj/Erth      0%         3d7       88%         3
 Tukima's Dance           Hex            0%         N/A       88%         3
 Vampiric Draining        Necr           0%         2d6       88%         3
 Animate Armour           Summ/Erth      0%         N/A       99%         4
 Animate Dead             Necr           0%         N/A       99%         4
 Hailstorm                Conj/Ice       0%         3d3       99%         4
 Sticky Flame             Conj/Fire      0%         2d3       99%         4
 Agony                    Necr           0%         N/A       100%        5
 Blade Hands              Tmut           0%         N/A       100%        5
 Haunt                    Necr/Summ      0%         N/A       100%        7
 Infestation              Necr           0%         N/A       100%        8
 Lehudib's Crystal Spear  Conj/Erth      0%         10d2      100%        8


Dungeon Overview and Level Annotations

Branches:
Dungeon (10/15)            Temple (1/1) D:7            Lair (3/5) D:9
 Shoals (0/4) Lair:3       Spider (0/4) Lair:3          Orc (0/2) D:9
  Sewer (visited)

Altars:
Ashenzari
Cheibriados
Dithmenos
Elyvilon
Fedhas
Gozag
Hepliaklqana
Kikubaaqudgha
Makhleb
Nemelex Xobeh
Okawaru
Qazlal
Ru
Sif Muna
Trog
Uskayaw
Vehumet
Wu Jian
Xom
Yredelemnul
Zin
The Shining One

Shops:
D:2 =   D:4 (   D:6 (

Annotations:
D:4 4 runed translucent doors, exclusion: 4 doors, Crazy Yiuf; Goreval's ghost, amateur DjFE
D:9 3 runed translucent doors, exclusion: 3 doors, Rosiu1125's ghost, novice SpCj
Lair:3 2 transporters, cccccccc's ghost, journeyman HOFi


Innate Abilities, Weirdness & Mutations

You are immune to sickness and miasma.
Your stone body is resilient. (AC +9)
You are immune to poison.
You resist negative energy. (rN+)
You are resistant to electric shocks. (rElec)
You are resistant to unholy torment.
You are immune to petrification.


Message History

The jumping spider pounces on you but does no damage.
The jumping spider bites you. The culicivora bites you!
The culicivora bites you.
The culicivora is healed somewhat.
The jumping spider closely misses you.
The jumping spider bites you but does no damage.
You hit the jumping spider but do no damage.
The jumping spider is heavily wounded.
You completely miss the culicivora. You miss the culicivora.
You hit the culicivora. You block the culicivora's attack.
The culicivora bites you! x2
* * * LOW HITPOINT WARNING * * *
The jumping spider closely misses you. You block the jumping spider's attack.
The culicivora barely misses you. The culicivora bites you!
* * * LOW HITPOINT WARNING * * *
Unknown command.
You miss the culicivora.
The culicivora is lightly wounded.
You slash the culicivora! You slice the culicivora!!
You hit the jumping spider.
The culicivora bites you but does no damage.
The jumping spider pounces on you but does no damage.
The jumping spider bites you but does no damage.
The culicivora's wounds heal themselves!
The culicivora bites you but does no damage. x2
Unknown command.
Your skin crawls.
You feel strong-willed.
The jumping spider pounces on you but does no damage.
The jumping spider closely misses you. You block the culicivora's attack.
The culicivora completely misses you. The culicivora bites you.
* * * LOW HITPOINT WARNING * * *
The jumping spider misses you. You block the jumping spider's attack.
You block the culicivora's attack. The culicivora bites you!
* * * LOW HITPOINT WARNING * * *
You closely miss the culicivora. You slash the culicivora!
You kill the culicivora!
Trog accepts your kill.
You slash the jumping spider! You closely miss the culicivora.
The culicivora bites you!!
You die...

###### ####### ####
###..#P############...#P#####P.##
.......................^........P
#P.....P...#.###..P#P..###...#P..
.................................
.#.#.#.#...#.#...#.#.............
.##..P..#..#.....###.............
...............s.##..............
.P..#.....#..##.@s##..#.#........
..............##s^.###.......>...
..........#.#..#..^..##....P.....
...............##^^..##..........
..#.##.P##P.###.#.^...##...#.....
................##^^...#.........
#..##†#..P.#...#.##^.>.####....##
......^...........##...#.........
....#......P#...^..### ##.#.#.##.


You could see 2 culicivoras and a jumping spider.

Vanquished Creatures
  2 hydras
  2 two-headed ogres (D:9)
  A boulder beetle (Lair:3)
  Nergalle (Lair:3)
  A manticore (Lair:3)
  3 black mambas
  Joseph (D:9)
  14 elephants
  A cane toad (Lair:2)
  A rime drake (Lair:1)
  An unseen horror (D:10)
  5 komodo dragons
  A polar bear (Lair:2)
  A wind drake (Lair:3)
  Grinder (D:4)
  A hornet (D:7)
  2 trolls (D:10)
  Prince Ribbit (D:9)
  4 dream sheep (Lair:3)
  9 blink frogs
  A shadow (D:10)
  A culicivora (Lair:3)
  Sigmund (D:3)
  45 yaks
  9 wyverns
  Eustachio (D:4)
  2 basilisks
  A steam dragon (D:8)
  A warg (D:9)
  9 water moccasins
  Duvessa (D:7)
  An acid dragon (D:10)
  8 orc warriors
  A black bear (D:6)
  An ogre (D:6)
  14 wolves
  3 centaurs
  10 bullfrogs
  A kobold brigand (D:7)
  A necrophage (D:7)
  A gnoll sergeant (D:8)
  3 scorpions
  12 wights
  Dowan (D:7)
  6 killer bees
  4 howler monkeys
  A jelly (D:8)
  2 hounds
  8 orc priests
  Ijyb (D:4)
  3 iguanas
  9 orc wizards
  A mummy (D:5)
  14 adders
  11 gnolls
  9 river rats
  A shadow imp (D:6)
  7 white imps
  An ufetubus (D:6)
  4 worms
  5 dart slugs
  49 orcs
  24 ball pythons
  5 bats
  9 endoplasms
  4 giant cockroaches
  8 goblins
  12 hobgoblins
  8 jackals
  2 quokkas
  5 frilled lizards
  9 kobolds
  3 kobold zombies (D:5)
  An orc zombie (D:5)
  29 rats
437 creatures vanquished.

Vanquished Creatures (others)
  34 fungi
  35 plants
69 creatures vanquished.

Grand Total: 506 creatures vanquished

Notes
Turn   | Place    | Note
-------+----------+-------------------------------------------
     0 | D:1      | KamiKatze the Gargoyle Fighter began the quest for the Orb.
     0 | D:1      | Reached XP level 1. HP: 14/14 MP: 1/1
   225 | D:1      | Reached skill level 2 in Axes
   413 | D:1      | Reached XP level 2. HP: 19/19 MP: 2/2
   593 | D:1      | Found a faded altar of an unknown god.
   648 | D:1      | Reached XP level 3. HP: 19/23 MP: 3/3
  1189 | D:2      | Found Keivyxeo's One-of-a-Kind Rings.
  1368 | D:2      | Reached XP level 4. HP: 24/28 MP: 4/4
  1775 | D:3      | Found an iron altar of Okawaru.
  1800 | D:3      | Found a stormy altar of Qazlal.
  1977 | D:3      | Found an opulent altar of Gozag.
  2021 | D:3      | Noticed Sigmund
  2028 | D:3      | Killed Sigmund
  2029 | D:3      | Reached skill level 3 in Axes
  2029 | D:3      | Reached skill level 1 in Dodging
  2029 | D:3      | Reached XP level 5. HP: 29/33 MP: 5/5
  2029 | D:3      | Reached XP level 6. HP: 34/38 MP: 6/6
  2420 | D:3      | Reached skill level 5 in Shields
  2565 | D:3      | Found a hide-covered altar of Uskayaw.
  2922 | D:3      | Identified the +2 leather armour "Rall" {rElec}
  3340 | D:4      | Found Vaxaipsiri's Weapon Emporium.
  3453 | D:4      | Noticed Ijyb
  3484 | D:4      | Killed Ijyb
  3505 | D:4      | Reached XP level 7. HP: 11/44 MP: 7/7
  3751 | D:3      | Reached skill level 4 in Axes
  3757 | D:4      | Identified the +1 pair of gloves "Haakheho" {Harm Drain
                  | Slay+5}
  3785 | D:4      | Noticed Grinder
  3816 | D:4      | Killed Grinder
  4033 | D:4      | Found a runed translucent gate.
  4034 | D:4      | Found a runed translucent gate.
  4034 | D:4      | Noticed Goreval's ghost (amateur DjFE)
  4035 | D:4      | Found a runed translucent gate.
  4035 | D:4      | Identified the +1 leather armour "Sudghod" {Rampage}
  4172 | D:4      | Noticed Eustachio
  4193 | D:4      | Killed Eustachio
  4194 | D:4      | Reached skill level 5 in Fighting
  4194 | D:4      | Reached skill level 5 in Armour
  4203 | D:3      | Reached XP level 8. HP: 12/49 MP: 8/8
  4429 | D:3      | Reached skill level 5 in Axes
  4587 | D:4      | Found a runed translucent door.
  4588 | D:4      | Noticed Crazy Yiuf
  4705 | D:5      | Entered Level 5 of the Dungeon
  4857 | D:5      | Found a glowing drain.
  4917 | Sewer    | Entered a sewer
  6254 | D:5      | Found an ancient bone altar of Kikubaaqudgha.
  6530 | D:6      | Found an ornate altar of the Wu Jian Council.
  6547 | D:6      | Reached skill level 6 in Axes
  6607 | D:6      | Found Woceramu's Weapon Shop.
  6741 | D:6      | Found a blossoming altar of Fedhas.
  6818 | D:6      | Reached skill level 1 in Evocations
  6825 | D:6      | Reached skill level 1 in Throwing
  6825 | D:6      | Reached XP level 9. HP: 48/55 MP: 9/9
  7714 | D:7      | Noticed a hornet
  7736 | D:7      | Killed a hornet
  7737 | D:7      | Reached skill level 7 in Axes
  7812 | D:7      | Found a staircase to the Ecumenical Temple.
  7820 | Temple   | Entered the Ecumenical Temple
  7858 | Temple   | Became a worshipper of Trog the Wrathful
  7919 | D:7      | Noticed Duvessa
  7919 | D:7      | Noticed Dowan
  7962 | D:7      | Killed Dowan
  7966 | D:7      | Killed Duvessa
  8511 | D:8      | Reached XP level 10. HP: 33/63 MP: 10/10
  8894 | D:8      | Found a glowing silver altar of Zin.
  9001 | D:8      | Reached * piety under Trog
  9091 | D:8      | Reached skill level 8 in Axes
  9231 | D:8      | Found a snail-covered altar of Cheibriados.
  9745 | D:9      | Noticed a two-headed ogre
  9754 | D:9      | Killed a two-headed ogre
  9755 | D:9      | Reached skill level 5 in Dodging
 10008 | D:9      | Noticed Joseph
 10486 | D:9      | Noticed a two-headed ogre
 10490 | D:9      | Reached skill level 9 in Axes
 10506 | D:9      | Killed a two-headed ogre
 10507 | D:9      | Reached XP level 11. HP: 32/68 MP: 11/11
 11293 | D:9      | Noticed Rosiu1125's ghost (novice SpCj)
 11370 | D:9      | Found a staircase to the Lair.
 11391 | D:9      | Killed Joseph
 11422 | D:9      | Noticed Prince Ribbit
 11439 | D:9      | Killed Prince Ribbit
 11535 | D:9      | Found a runed translucent gate.
 11535 | D:9      | Found a runed translucent gate.
 11535 | D:9      | Found a runed translucent gate.
 11574 | D:9      | Found a staircase to the Orcish Mines.
 11685 | D:9      | Reached skill level 10 in Axes
 11694 | D:9      | Reached ** piety under Trog
 11979 | D:10     | Entered Level 10 of the Dungeon
 13630 | Lair:1   | Entered Level 1 of the Lair of Beasts
 13790 | Lair:1   | Reached XP level 12. HP: 66/76 MP: 12/12
 13894 | Lair:1   | Reached *** piety under Trog
 14005 | Lair:1   | Reached skill level 11 in Axes
 14723 | Lair:1   | Reached skill level 10 in Fighting
 14924 | Lair:1   | Reached skill level 10 in Armour
 15276 | Lair:2   | Noticed a seven-headed hydra
 15322 | Lair:2   | Identified 2 scrolls of acquirement
 15322 | Lair:2   | Acquired the +8 broad axe of Ru, Enfolding {vorpal, Will+
                  | Dex+3}
 15731 | Lair:2   | Reached **** piety under Trog
 15745 | Lair:2   | Reached XP level 13. HP: 72/83 MP: 13/13
 15748 | Lair:2   | Reached skill level 12 in Axes
 16409 | Lair:3   | Found a transporter.
 16410 | Lair:3   | Noticed cccccccc's ghost (journeyman HOFi)
 16412 | Lair:3   | Found a transporter.
 16730 | Lair:3   | Found a staircase to the Shoals.
 16732 | Lair:3   | Noticed Nergalle
 17079 | Lair:3   | Killed Nergalle
 18152 | Lair:3   | Found a hole to the Spider Nest.
 18161 | Lair:3   | Mangled by a culicivora

Illustrated notes

Levels and vault maps discovered:
D:1:      psy_arrival_whirlpool, layout_rooms, ebering_ecumenical_altar_box,
          st_stairs_2, minmay_octomino_c4
D:2:      layout_rooms, nicolae_shop_unique_rings, minmay_large_rounded_square
D:3:      layout_loops_corners, mainiacjoe_overflow_alcove_1,
          nicolae_gozag_seed_capital, mainiacjoe_overflow_catwalk_spiral,
          uniq_sigmund
D:4:      layout_cave_pools, serial_shops, nicolae_shop_trees,
          serial_column_ruins, column_ruins_square_medium,
          column_ruins_square_small, column_ruins_open_tiny,
          column_ruins_grid_1, column_ruins_open_medium, column_ruins_open_tiny,
          biasface_ghost_orc_armoury, uniq_ijyb, uniq_grinder, uniq_eustachio,
          uniq_crazy_yiuf_cottage
D:5:      layout_basic, kennysheep_mini, lightli_sewer_entry_pipes,
          minmay_mini_ossuary
D:6:      layout_cave_pools, fedhas_altar_fruit_tree,
          nicolae_wu_jian_wuxing_cycle, serial_shops, kennysheep_mini_moat,
          serial_bayou_pond_e
D:7:      layout_loops_ring, minmay_temple_entry_sparse_star,
          kennysheep_crisscross, uniq_duvessa
D:8:      layout_basic, cheibrodos_worm_habitat, mainiacjoe_overflow_brackets,
          serial_co_window_serial, co_window_corner_a,
          co_window_of_opportunity_a, co_window_paths_a, co_window_corner_a,
          co_window_of_opportunity_a, co_window_paths_a, co_window_paths_b,
          co_window_corner_b, co_window_broadway_a, co_window_broadway_c,
          glass_columns_a, glass_columns_a, glass_columns_a, glass_columns_a,
          dk_rats_in_the_wall
D:9:      layout_small_grid, minmay_lair_entry_grove, david_orc_3,
          gammafunk_ghost_icy, uniq_joseph, uniq_prince_ribbit1
D:10:     layout_loops_corners, special_room [special_room_orc]
Temple:   nicolae_temple_ecumenical_triangle
Lair:1:   layout_loops_ring, grunt_megastairs_5
Lair:2:   layout_cave_pods
Lair:3:   layout_long_grid, minmay_shoals_entry_beasts,
          spider_nest_entry_funnel_web, nzn_ghost_randoct, uniq_nergalle

Skill      XL: |  1  2  3  4  5  6  7  8  9 10 11 12 13 |
---------------+----------------------------------------+-----
Axes           | 2 3 4 6 7 9 10 11 12 | 12.7
Shields        | 4 5 7 8 |  8.2
Fighting       | 4 5 6 7 8 9 10 11 | 11.1
Armour         | 4 5 6 7 8 9 10 11 | 11.1
Dodging        | 1 2 3 4 5 6 7 8 |  8.0
Evocations     | 1 3 |  3.0
Throwing       | 1 2 |  2.0

Action                   |  1- 3 |  4- 6 |  7- 9 | 10-12 | 13-15 || total
-------------------------+-------+-------+-------+-------+-------++-------
Melee: War axe           |   143 |   148 |   529 |   756 |       ||  1576
       Broad axe         |       |       |       |    80 |   128 ||   208
       Flail             |       |       |       |       |     6 ||     6
       Morningstar       |       |       |       |       |     5 ||     5
Throw: Dart              |       |       |     6 |     7 |       ||    13
       Throwing net      |       |       |       |     2 |       ||     2
Invok: Berserk           |       |       |       |    11 |     3 ||    14
       Trog's Hand       |       |       |       |     1 |     2 ||     3
  Use: Potion            |       |     2 |     2 |     1 |       ||     5
       Scroll            |       |     2 |     7 |    11 |     4 ||    24
Armor: Scale mail        |    83 |    93 |   331 |   269 |       ||   776
       Ring mail         |       |       |       |   184 |   112 ||   296
Dodge: Dodged            |    70 |    90 |   354 |   432 |   108 ||  1054
Block: Buckler           |    37 |    44 |   151 |   188 |    63 ||   483
